[Event "Chpt Reg Jeunes Occitanie 2026 - Espalion"]
[Site "Espalion, France"]
[Round "2.16"]
[ECO "?"]
[Annotator "?"]
[TimeControl "1h30 + 30sec/cp"]

1. d4 d5 2.
Bf4 c5 3.
c3 cxd4 4.
cxd4 Nc6 5.
Nf3 Nf6 6.
e3 Bf5 7.
Bd3 Bxd3 8.
Qxd3 e6 9.
Nc3 Bd6 10.
Bxd6 Qxd6 11. O-O O-O 12. Rac1 Rac8 13. Rfe1 Nb4 14. Qe2 Ne4 15. Nxe4 dxe4 16. Nd2 f5 17. Rxc8 Rxc8 18. Nc4 Qa6 19. Ne5 Qxe2 0-1

[White "AMRANE, Samy-Islam"]
[Black "KISS, Alexander"]
[WhiteElo "1809"]
[BlackElo "1487"]
[Result "1-0"]
[Date "2026.03.04"]

[Event "Chpt Reg Jeunes Occitanie 2026 - Espalion"]
[Site "Espalion, France"]
[Round "2.17"]
[ECO "?"]
[Annotator "?"]
[TimeControl "1h30 + 30sec/cp"]

1. e4 d5 2.
exd5 Qxd5 3. Nc3 Qa5 4. d4 c6 5.
Nf3 Nf6 6.
Be2 Bf5 7.
O-O e6 8.
a3 Bd6 9.
Bg5 Nbd7 10. h3 O-O 11. Bd3 Bxd3 12. Qxd3 h6 13. Be3 Qh5 14. Ne4 Nxe4 15. Qxe4 Nf6 16. Qd3 Rad8 17. Qb3 Rd7 18. c4 e5 19. dxe5 Bxe5 20. Nxe5 Qxe5 21.
Bxa7 Ne4 22. Be3 Re8 23. Rfe1 Re6 24.
Rad1 Rde7 25. Rd8+ Kh7 26. Qc2 Rg6 27. f4 Qh5 28. Bd4 Qf3 29. Be5 Nc5 30. Qxg6+ Kxg6 31. gxf3 f6 32. Bc3 Rc7 33. Ba5 b6 34. Bxb6 Rb7 35.
Bxc5 Rxb2 36. a4 Kf5 37. Bd6 1-0

[White "VOLLE, Lucie"]
[Black "LABARBE, Gabriel"]
[WhiteElo "1480"]
[BlackElo "1731"]
[Result "0-1"]
[Date "2026.03.04"]

[Event "Chpt Reg Jeunes Occitanie 2026 - Espalion"]
[Site "Espalion, France"]
[Round "2.18"]
[ECO "?"]
[Annotator "?"]
[TimeControl "1h30 + 30sec/cp"]

1. e4 e5 2. Nf3 Nf6 3. Nxe5 d6 4. Nf3 Nxe4 5. Qe2 Qe7 6. Qd1 Nc3+ 7. Qe2 Nxe2 8. Bxe2 g6 9. Nc3 Be6 10. O-O Bg7 11. d3 Nd7 12. Re1 O-O 13. Bd1 Qd8 14. Ng5 Bd4 15. Re4 Qf6 16. Nxe6 Qxf2+ 17. Kh1 Qg1# 0-1

[White "BAROUKH, Pau"]
[Black "PEREZ MAS, Leandro"]
[WhiteElo "1712"]
[BlackElo "1479"]
[Result "1-0"]
[Date "2026.03.04"]

[Event "Chpt Reg Jeunes Occitanie 2026 - Espalion"]
[Site "Espalion, France"]
[Round "2.19"]
[ECO "?"]
[Annotator "?"]
[TimeControl "1h30 + 30sec/cp"]

1. e4 e5 2. Nf3 Nf6 3. Nxe5 Nc6 4. Nxc6 dxc6 5. Nc3 Bc5 6. Bc4 Ng4 7. O-O Qh4 8. h3 Nxf2 9. Rxf2 Bxf2+ 10.
Kf1 O-O 11. Qf3 Bc5 12. Na4 Bd6 13. Nc3 Bc5 14. d3 Be6 15. Bb3 Rad8 16. Bf4 g5 17. Bg3 Qh6 18. Bxc7 g4 19. Qg3 Rd7 20. Bf4 Qf6 21. e5 Qg6 22. Ne4 Bb6 23. Nf6+ Kg7 24. Nxd7 Bxd7 25.
h4 f6 26.
e6 Be8 27.
Ke2 Qf5 28. Rf1 Qh5 29. Bd6 Rh8 30. Be7 f5 31. Qe5+ Kg8 32. Rxf5 Qh6 33. Rf8+ Qxf8 34. Bxf8 Kxf8 35. Qxh8+ 1-0

[White "MARRAS, Marylou"]
[Black "TOURETTE, Maxence"]
[WhiteElo "1472"]
[BlackElo "1709"]
[Result "0-1"]
[Date "2026.03.04"]

[Event "Chpt Reg Jeunes Occitanie 2026 - Espalion"]
[Site "Espalion, France"]
[Round "2.20"]
[ECO "?"]
[Annotator "?"]
[TimeControl "1h30 + 30sec/cp"]

1. d4 f5 2.
Nf3 e6 3.
e3 Nf6 4.
Bd3 d5 5.
O-O Bd6 6.
b3 O-O 7.
Bb2 c6 8.
Nbd2 Ne4 9.
Ne5 Nd7 10.
Ndf3 Rf6 11. c4 Rh6 12. cxd5 exd5 13. Nd2 Qc7 14. f3 Nxd2 15. Qxd2 Nxe5 16. dxe5 Bxe5 17. Bxe5 Qxe5 18. f4 Bd7 19. Rae1 Qc7 20.
Rf3 Re8 21. Rg3 Qb6 22. Rg5 Rf6 23. Kh1 g6 24. Rg3 Kh8 25. Qc3 Kg7 26. Re2 c5 27. Rb2 d4 28. exd4 cxd4 29. Qd2 Rfe6 30. Rb1 R6e7 31. Rf3 Bc6 32. Rff1 Be4 33.
Rbc1 Qd6 34. Bb5 Bc6 35. a4 Bxb5 36. axb5 Qd5 37. Qd3 Re3 38. Qc4 Qxc4 39. bxc4 d3 40. h3 d2 41. Rcd1 Re1 42. Rxd2 Rxf1+ 43. Kh2 h5 44. Rd7+ Kh6 45.
Rxb7 h4 46. g3 Re2# 0-1

[White "BENYETTOU, Louis"]
[Black "BONDAR, Marko"]
[WhiteElo "1841"]
[BlackElo "1609"]
[Result "1-0"]
[Date "2026.03.05"]

[Event "Chpt Reg Jeunes Occitanie 2026 - Espalion"]
[Site "Espalion, France"]
[Round "3.16"]
[ECO "?"]
[Annotator "?"]
[TimeControl "1h30 + 30sec/cp"]

1. e4 e5 2. Nf3 Nc6 3. Bc4 Nf6 4. Ng5 d5 5. exd5 Nd4 6. c3 b5 7. Bf1 Nxd5 8. cxd4 Qxg5 9. Bxb5+ Kd8 10. O-O Bb7 11. Qf3 Be7 12. dxe5 Rb8 13. Qg3 Nf4 14. d4 Bxg2 15. Bxf4 Qxg3 16.
Bxg3 Bxf1 17. Bxf1 Rxb2 18. Nc3 Kd7 19. Bh3+ Kc6 20. d5+ Kb6 21. Na4+ Ka5 22. Nxb2 Rd8 23. d6 cxd6 24. exd6 Bf6 25. Rb1 Kb4 26. Nd3+ Kc3 27. Nf4 Kc2 28. Bf5+ Kd2 29.
Nd5 Bg5 30. Rb2+ Kc1 31. Rc2+ Kb1 32. Nc3+ 1-0

[White "DEMANT, Thylan"]
[Black "AMRANE, Samy-Islam"]
[WhiteElo "1586"]
[BlackElo "1809"]
[Result "1/2-1/2"]
[Date "2026.03.05"]

[Event "Chpt Reg Jeunes Occitanie 2026 - Espalion"]
[Site "Espalion, France"]
[Round "3.17"]
[ECO "?"]
[Annotator "?"]
[TimeControl "1h30 + 30sec/cp"]

1. d4 d5 2. c4 e6 3. Nc3 Nf6 4. Bg5 Be7 5. Nf3 c6 6. e3 Nbd7 7. c5 O-O 8. Bd3 h6 9. Bh4 b6 10. b4 Bb7 11. O-O Rc8 12. Rb1 Re8 13. Re1 Ra8 14. Rb3 b5 15. Qc2 a6 16. a3 Bf8 17. e4 dxe4 18. Nxe4 Be7 19. Nc3 Nd5 20. Bxe7 Rxe7 21.
Nxd5 exd5 22. Rxe7 Qxe7 23. Bh7+ Kf8 24. Re3 Qf6 25. Bf5 Rd8 26. Ne5 Nxe5 27. Rxe5 g6 28. Bd3 Qf4 29. Qc3 Re8 30. Rxe8+ Kxe8 31. Qe1+ Kf8 32. Qe3 Qxe3 33.
fxe3 f5 34. Kf2 Ke7 35. Kf3 Bc8 36. Kf4 Kf6 37. h4 g5+ 38. hxg5+ hxg5+ 39. Kg3 Be6 40. Kf3 Kg7 41. Kg3 Kf6 42. Be2 Bf7 43. Kh3 Bg6 44. Kg3 Bf7 45.
Kh3 Be6 46. Kg3 Kg6 47. Bd1 Bd7 48. Be2 Kh6 49. Bd1 Be8 50. Kh3 Bh5 51. Bxh5 Kxh5 52. g3 Kg6 53. Kg2 Kf6 54. Kf3 1/2-1/2

[White "LABARBE, Gabriel"]
[Black "ROUANET, Henri"]
[WhiteElo "1731"]
[BlackElo "1569"]
[Result "1-0"]
[Date "2026.03.05"]

[Event "Chpt Reg Jeunes Occitanie 2026 - Espalion"]
[Site "Espalion, France"]
[Round "3.18"]
[ECO "?"]
[Annotator "?"]
[TimeControl "1h30 + 30sec/cp"]

1. e4 Nc6 2. Nf3 e5 3. d4 exd4 4. Bc4 Nf6 5. e5 Ng4 6. Bxf7+ Kxf7 7. Ng5+ Kg8
8. Qxg4 Bb4+ 9. c3 dxc3 10. Qc4+ d5 11. exd6+ 1-0

[White "JOYEUX, Gaspard"]
[Black "BAROUKH, Pau"]
[WhiteElo "1559"]
[BlackElo "1712"]
[Result "0-1"]
[Date "2026.03.05"]

[Event "Chpt Reg Jeunes Occitanie 2026 - Espalion"]
[Site "Espalion, France"]
[Round "3.19"]
[ECO "?"]
[Annotator "?"]
[TimeControl "1h30 + 30sec/cp"]

1. e4 e6 2. d4 d5 3. e5 c5 4. c3 Nc6 5. Nf3 cxd4 6. Bd3 dxc3 7. Nxc3 Bb4 8. O-O f6 9. Bf4 fxe5 10. Nxe5 Nf6 11. Nb5 O-O 12. Nxc6 bxc6 13. Nc7 Ne8 14. Nxa8 Rxf4 15. Qa4 Bb7 16. Qxa7 Bxa8 17.
Qe3 Qd6 18. Qa7 Nc7 19. Rac1 Rf8 20. Rfd1 Qf4 21. g3 Qf7 22. a3 Bd6 23. Bc2 c5 24. Ba4 Qxf2+ 25. Kh1 d4+ 0-1

[White "TOURETTE, Maxence"]
[Black "BENNANI, Johan"]
[WhiteElo "1709"]
[BlackElo "1531"]
[Result "1-0"]
[Date "2026.03.05"]

[Event "Chpt Reg Jeunes Occitanie 2026 - Espalion"]
[Site "Espalion, France"]
[Round "3.20"]
[ECO "?"]
[Annotator "?"]
[TimeControl "1h30 + 30sec/cp"]

1. d4 d5 2. Nf3 Nf6 3. e3 Bg4 4. b3 Nc6 5. Be2 a6 6.
Bb2 e6 7. Nbd2 Bxf3 8. Bxf3 Bd6 9. c4 Ne7 10. c5 Nc6 11. cxd6 cxd6 12.
O-O O-O 13. e4 dxe4 14. Nxe4 d5 15. Ng3 Re8 16. Re1 Rc8 17. Qd2 Qb6 18. Rac1 Qb5 19. Rc5 Qb4 20. Bc3 Qb6 21. Bb2 Nd7 22. Rcc1 Qb5 23.
Ba3 Qb6 24. Ne2 Qa5 25. Qxa5 Nxa5 26. Bd6 Nc6 27. Rc2 e5 28. dxe5 Ncxe5 29. Rxc8 Nxf3+ 30. gxf3 Rxc8 31. Nc3 g6 32. Nxd5 Rc2 33. Re7 Rd2 34.
Rxd7 Rxd5 35. Rd8+ 1-0

[White "LEMOINE, Luka"]
[Black "BENYETTOU, Louis"]
[WhiteElo "1691"]
[BlackElo "1841"]
[Result "0-1"]
[Date "2026.03.05"]

[Event "Chpt Reg Jeunes Occitanie 2026 - Espalion"]
[Site "Espalion, France"]
[Round "4.16"]
[ECO "?"]
[Annotator "?"]
[TimeControl "1h30 + 30sec/cp"]

1. e4 e6 2.
d4 d5 3. e5 c5 4. c3 Nc6 5. Nf3 Qb6 6. Be2 cxd4 7.
cxd4 Nh6 8.
Bxh6 Qxb2 9. Nbd2 gxh6 10. O-O Nxd4 11. Qa4+ Nc6 12. Rab1 Qa3 13. Bb5 Bd7 14. Qxa3 Bxa3 15. Rb3 Bc5 16. Rc1 Bb6 17. Nf1 Ke7 18. Ne3 Rac8 19. Re1 Bxe3 20. fxe3 Na5 21. Bxd7 Kxd7 22. Rb5 b6 23. Nd4 Ke7 24.
Rf1 Rhg8 25. Rb2 Nc4 26. Rbf2 Nxe5 27. Nb5 a6 28. Nd4 f5 29. Rf4 Rg4 30. h3 Rg6 31. Rb1 Nc4 32. Rb3 Rcg8 33. Rf2 Rg3 34. Nc2 Rxh3 35. Kf1 Rh1+ 36. Ke2 Rg1 37. Ne1 Rh1 38. Nf3 Ra1 39. Kd3 Rc8 40. Rc2 Kd6 41.
Ke2 Rc5 42. Nd4 Ra5 0-1

[White "DUBUC SAFFRE, Felix"]
[Black "LABARBE, Gabriel"]
[WhiteElo "1616"]
[BlackElo "1731"]
[Result "0-1"]
[Date "2026.03.05"]

[Event "Chpt Reg Jeunes Occitanie 2026 - Espalion"]
[Site "Espalion, France"]
[Round "4.17"]
[ECO "?"]
[Annotator "?"]
[TimeControl "1h30 + 30sec/cp"]

1. d4 Nf6 2. c4 c5 3.
d5 e6 4.
Nc3 exd5 5.
cxd5 d6 6.
e4 g6 7. f4 Bg7 8. Bb5+ Bd7 9.
Bxd7+ Nbxd7 10. Nf3 O-O 11. O-O Re8 12. Re1 a6 13. a4 Rb8 14. a5 b5 15. axb6 Rxb6 16. Nd2 Nh5 17. Nc4 Bd4+ 18. Be3 Bxe3+ 19. Rxe3 Nxf4 20. Nxb6 Qxb6 21. Qg4 Ne5 22.
Qxf4 c4 23. Kh1 Rb8 24. Rb1 Qd4 25. Rd1 Qc5 26. Rh3 Nd3 27. Rdxd3 cxd3 28. Qd2 Qd4 29. Rxd3 Qf6 30. Rf3 Qg7 31. h3 h5 32. Qf4 Qf8 33.
Qf6 Rxb2 34. Rg3 a5 35. Na4 Rb4 36. Ra3 Qh6 37. Kh2 h4 38. Qd8+ Kh7 39. Qxd6 Rb1 40. Qc7 Rf1 41. Nc5 Qc1 42. Qxf7+ Rxf7 43. Ne6 Qxa3 44. Ng5+ Kg8 0-1

[White "BAROUKH, Pau"]
[Black "PICARD, Martin"]
[WhiteElo "1712"]
[BlackElo "1505"]
[Result "1-0"]
[Date "2026.03.05"]

[Event "Chpt Reg Jeunes Occitanie 2026 - Espalion"]
[Site "Espalion, France"]
[Round "4.18"]
[ECO "?"]
[Annotator "?"]
[TimeControl "1h30 + 30sec/cp"]

1. e4 e6 2.
Nf3 d5 3. Nc3 dxe4 4. Nxe4 Nd7 5. d4 Ngf6 6. Bd3 c5 7. Bg5 Be7 8. dxc5 Nxc5 9. Bxf6 Bxf6 10. Bb5+ Bd7 11. Nd6+ Ke7 12. Bxd7 Qxd7 13. Nc4 b5 14.
Nce5 Qxd1+ 15. Rxd1 Rac8 16. b4 Ne4 17. Rd7+ Ke8 18. Rxa7 Rxc2 19. O-O Rc8 20. Nxf7 Rf8 21. N3e5 Bxe5 22. Nxe5 Nxf2 23. a4 Rf5 24. axb5 Rxe5 25. Rxf2 Rxb5 26. Rxg7 Rxb4 27.
Rg8+ Kd7 28. Rd2+ Kc7 29. Rc2+ Kd6 30. Rgxc8 e5 31. Re8 e4 32. Rd2+ Kc5 33.
Rc8+ 1-0

[White "MICHELOTTI, Simon"]
[Black "TOURETTE, Maxence"]
[WhiteElo "1299"]
[BlackElo "1709"]
[Result "0-1"]
[Date "2026.03.05"]

[Event "Chpt Reg Jeunes Occitanie 2026 - Espalion"]
[Site "Espalion, France"]
[Round "4.19"]
[ECO "?"]
[Annotator "?"]
[TimeControl "1h30 + 30sec/cp"]

1. c3 Nc6 2. d4 e5 3.
Nf3 e4 4.
Nfd2 d5 5.
e3 Nce7 6.
c4 c6 7.
Nc3 Nf6 8.
f3 Nf5 9.
Nb3 a5 10.
g4 Nh4 11.
Nd2 exf3 12. g5 f2+ 13. Kxf2 Ng4+ 14. Ke1 Be7 15. Nf3 Bxg5 16. Nxg5 Qxg5 17. Rg1 Qf5 18. Qe2 Nf3+ 19. Kd1 Nxg1 20. Qg2 Nf2+ 21. Ke1 Nf3+ 22.
Ke2 Qc2+ 23. Kxf3 Bg4+ 24. Kg3 h5 25.
Qxf2 Qg6 26. h4 Qe6 27. c5 g5 28. Bg2 Rg8 29. Kh2 O-O-O 30. e4 gxh4 31. Bg5 Rxg5 32. exd5 cxd5 33. Nb5 h3 34. Qf4 Kd7 35. Qc7+ Ke8 36. Nd6+ Rxd6 37. cxd6 Qd7 38.
Re1+ Kf8 39. Qxd7 Bxd7 40. Bxh3 f5 41. Re5 Rg6 42. Rxd5 b6 43. Bxf5 Rg5 44. Rxa5 bxa5 45. Bxd7 Rd5 46. Bc6 Rxd6 47.
Bf3 Rxd4 48. Kg3 Rd2 49. Kh4 Rxb2 50. Bd5 Ke7 51.
Bb3 Kd6 52. Kxh5 Kc5 53. Kg4 Kb4 54. Be6 Ka3 55. Kf3 Rxa2 56. Ke3 Rb2 57. Kd3 Kb4 58. Bd7 a4 59. Be6 Rb3+ 60. Kc2 Rg3 61. Bd5 a3 62. Kb1 Rg1+ 63.
Ka2 Rd1 64. Be6 Rd2+ 65. Kb1 Kc3 66. Bf7 Rd1+ 67. Ka2 Rh1 68. Bg6 Kb4 69. Bf7 Rh7 70. Bg8 Rc7 71. Bb3 Rc3 72. Bg8 Rc2+ 73.
Kb1 Kc3 74. Bf7 Rf2 75. Bg8 Rb2+ 76. Ka1 Kc2 77. Bh7+ Kc1 78. Bg6 a2 79. Bh7 Rh2 80. Bg8 Kc2 81. Kxa2 Rh8 82. Bb3+ Kc3 83. Bd5 Rh2+ 84.
Ka3 Rh5 85. Bb3 Ra5+ 86. Ba4 Ra8 87. Ka2 Rxa4+ 88. Kb1 Ra3 89. Kc1 Ra1# 0-1

[White "AMRANE, Samy-Islam"]
[Black "ESTEBAN SALAZAR, Hector"]
[WhiteElo "1809"]
[BlackElo "1502"]
[Result "1-0"]
[Date "2026.03.05"]

[Event "Chpt Reg Jeunes Occitanie 2026 - Espalion"]
[Site "Espalion, France"]
[Round "4.20"]
[ECO "?"]
[Annotator "?"]
[TimeControl "1h30 + 30sec/cp"]

1. e4 e5 2.
Nf3 Nc6 3.
Bc4 Bc5 4.
c3 Nf6 5.
d4 exd4 6.
cxd4 Bb4+ 7. Bd2 Nxe4 8. Bxb4 Nxb4 9. Bxf7+ Kxf7 10. Qb3+ d5 11. Qxb4 Rf8 12. O-O Kg8 13. Qb3 c6 14. Re1 Kh8 15. Nbd2 Nxd2 16. Nxd2 Qf6 17. Qf3 Qxf3 18.
Nxf3 Bg4 19. Ne5 Rf4 20. Nxg4 Rxg4 21. Rad1 Rd8 22. Re7 Rb8 23. f3 Rf4 24. Kf2 Kg8 25. g3 Rf7 26. Rde1 Kf8 27. Rxf7+ Kxf7 28. Re5 Re8 29. Rxe8 Kxe8 30. Ke3 Ke7 31. h4 b6 32. b4 Kd6 33. f4 c5 34. bxc5+ bxc5 35. dxc5+ Kxc5 36. Kd3 d4 37. g4 Kd5 38. g5 g6 39. f5 gxf5 40.
h5 Ke6 41.
Kxd4 h6 42. g6 Kf6 43. Kd5 a5 44. a4 Kg7 45. Ke5 f4 46. Kxf4 Kf6 47. Ke4 1-0

[White "BENYETTOU, Louis"]
[Black "BAROUKH, Pau"]
[WhiteElo "1841"]
[BlackElo "1712"]
[Result "1-0"]
[Date "2026.03.06"]

[Event "Chpt Reg Jeunes Occitanie 2026 - Espalion"]
[Site "Espalion, France"]
[Round "5.16"]
[ECO "?"]
[Annotator "?"]
[TimeControl "1h30 + 30sec/cp"]

1. e4 e6 2.
d4 d5 3.
Nc3 dxe4 4.
Nxe4 Nd7 5.
Nf3 Ngf6 6.
Bd3 Nxe4 7.
Bxe4 Nf6 8.
Bd3 Be7 9.
Bg5 O-O 10.
Qe2 Nd5 11. Bxe7 Qxe7 12. h4 Qb4+ 13. Qd2 Qxb2 14. O-O Qc3 15. Qg5 h6 16. Qg3 Nb4 17. Bh7+ Kh8 18. a3 Nd5 19. Bd3 Nf6 20. Rab1 Qc6 21.
Ne5 Qd6 22. Qf4 Kg8 23. g4 Nd5 24. Qd2 f6 25. Ng6 Re8 26. g5 fxg5 27. hxg5 h5 28. Qe2 Nf4 29. Nxf4 Qxf4 30. Qxh5 Re7 31. Qh7+ Kf8 32. Qh8+ Kf7 33. g6+ Kf6 34. Qf8+ Kg5 35. Qxe7+ Kh6 36. Rfe1 Qg4+ 37.
Kf1 Qh3+ 38. Ke2 Qg4+ 39. Kd2 1-0

[White "LABARBE, Gabriel"]
[Black "TOURETTE, Maxence"]
[WhiteElo "1731"]
[BlackElo "1709"]
[Result "1/2-1/2"]
[Date "2026.03.06"]

[Event "Chpt Reg Jeunes Occitanie 2026 - Espalion"]
[Site "Espalion, France"]
[Round "5.17"]
[ECO "?"]
[Annotator "?"]
[TimeControl "1h30 + 30sec/cp"]

1. e4 d6 2.
d4 Nf6 3.
Nc3 Nbd7 4.
Bc4 e5 5.
dxe5 dxe5 6. a3 c6 7.
Nf3 h6 8.
O-O Qc7 9.
Qe2 g5 10.
Rd1 Be7 11. Be3 Nf8 12. b4 Be6 13. b5 g4 14. Ne1 Ng6 15. Bxe6 fxe6 16. bxc6 Qxc6 17. Qb5 Rc8 18. Qxc6+ Rxc6 19. Bd2 Nf4 20. Nd3 Rxc3 21. Bxc3 Ne2+ 22. Kf1 Nxc3 23. Re1 Bd6 24. f3 gxf3 25.
gxf3 Rg8 26. Re3 Ke7 27. Nf2 Rc8 28. Kg2 Rg8+ 29. Kf1 Rc8 30. Kg2 Rg8+ 1/2-1/2

[White "CHIEZE, Theodore"]
[Black "AMRANE, Samy-Islam"]
[WhiteElo "1464"]
[BlackElo "1809"]
[Result "0-1"]
[Date "2026.03.06"]

[Event "Chpt Reg Jeunes Occitanie 2026 - Espalion"]
[Site "Espalion, France"]
[Round "5.18"]
[ECO "?"]
[Annotator "?"]
[TimeControl "1h30 + 30sec/cp"]

1. e4 c5 2.
Nf3 d6 3. d4 cxd4 4. Nxd4 Nf6 5. Nc3 a6 6. Bc4 e5 7.
Nf3 Be7 8. Bg5 h6 9. Bh4 O-O 10. Qd3 Qc7 11.
O-O Nc6 12. Rad1 Rd8 13. Bxf6 Bxf6 14. Qe3 Ne7 15. Bb3 Be6 16. Nd5 Nxd5 17. exd5 Bf5 18. Rc1 a5 19. a4 e4 20. Nd4 Bg5 21. Qg3 Bxc1 22. Nxf5 Bxb2 23. Nxh6+ Kh8 24. Nf5 Bf6 25. Qg4 Qd7 26. Qxe4 g6 27. Ng3 Re8 28. Qf4 Be5 29. Qh6+ Kg8 30. Ne4 Bg7 31. Qg5 Rxe4 32. f3 Re2 33. Qg4 Qxg4 34. fxg4 Bd4+ 35. Kh1 Rae8 36. h4 Re1 37. Rxe1 Rxe1+ 38. Kh2 Be5+ 39. g3 Re2+ 40. Kh3 Re3 41. h5 g5 42. Kg2 Rxg3+ 43. Kf2 Rxg4 44. c4 f5 45. c5 Bd4+ 46. Kf3 Bxc5 47. Bc2 Rf4+ 48. Kg3 Rf2 49.
Bd3 Rf4 50. Be2 Rxa4 51. h6 Rf4 52.
Bh5 Kh7 53. Bf3 a4 54. Bd1 a3 55. Bb3 Rb4 56. Ba2 b5 57. Kf3 Rb2 58. Kg3 Rxa2 59. Kf3 Rf2+ 60. Kg3 a2 61.
Kh3 a1=Q 62. Kg3 Qg1+ 63. Kh3 Rh2# 0-1

[White "MORA GRELLIER, Tizio"]
[Black "DEMANT, Thylan"]
[WhiteElo "1612"]
[BlackElo "1586"]
[Result "1/2-1/2"]
[Date "2026.03.06"]

[Event "Chpt Reg Jeunes Occitanie 2026 - Espalion"]
[Site "Espalion, France"]
[Round "5.19"]
[ECO "?"]
[Annotator "?"]
[TimeControl "1h30 + 30sec/cp"]

1. d4 Nf6 2. Bf4 e6 3. Nf3 d5 4. h3 c5 5.
e3 Nc6 6.
Nbd2 Bd6 7.
Bxd6 Qxd6 8. c3 O-O 9. Bb5 a6 10. Be2 b5 11. O-O c4 12. b3 Re8 13. a4 Rb8 14. Re1 e5 15. bxc4 bxc4 16. dxe5 Nxe5 17. Nxc4 Nxf3+ 18. Bxf3 Qc5 19. Na3 Qxc3 20. Bxd5 Nxd5 21. Qxd5 Be6 22. Qd4 Qxd4 23.
exd4 Rb4 24. d5 Bd7 25. Rxe8+ Bxe8 26. Rc1 Rxa4 27. Rc8 Kf8 28. Nc2 Ke7 29. Ne3 Bd7 30. Rc7 g6 31. Nc4 Ra1+ 32. Kh2 Kd8 33. d6 Rc1 34. Kg3 Bb5 35. Na3 Rxc7 36.
dxc7+ Kxc7 37. Kf4 h5 38. g4 hxg4 39.
hxg4 Kd6 40. Kg5 Ba4 41. Kf6 Bb3 42. f4 Kc5 43. f5 gxf5 44. gxf5 Kd4 45. Nb1 a5 46. Ke7 a4 47. f6 Kd3 48. Kf8 Kc2 49. Na3+ Kb2 50. Nb5 Bc4 51. Nd6 Kb3 52. Nxc4 Kxc4 53. Kxf7 a3 54. Ke7 a2 55. f7 a1=Q 56.
f8=Q Qe5+ 57. Kf7 Kd5 58. Qd8+ Kc4 59. Qc8+ Kd4 60. Qd8+ Kc3 61. Qf6 Qxf6+ 62. Kxf6 1/2-1/2

[White "BENNANI, Johan"]
[Black "LEMOINE, Luka"]
[WhiteElo "1531"]
[BlackElo "1691"]
[Result "0-1"]
[Date "2026.03.06"]

[Event "Chpt Reg Jeunes Occitanie 2026 - Espalion"]
[Site "Espalion, France"]
[Round "5.20"]
[ECO "?"]
[Annotator "?"]
[TimeControl "1h30 + 30sec/cp"]

1. d4 d5 2.
Nf3 Nf6 3.
Bf4 c5 4.
c3 Qb6 5.
e3 Qxb2 6.
Nbd2 c4 7.
Qc1 Qxc1+ 8. Rxc1 Nh5 9. Bc7 Na6 10. Bg3 Nxg3 11. hxg3 f6 12. e4 e6 13. Rh5 g6 14. Rh1 h5 15. Nh4 g5 16. Ng6 Rh6 17. Nxf8 Kxf8 18. Be2 h4 19. gxh4 Rxh4 20. Rxh4 gxh4 21. Bg4 dxe4 22. Nxe4 f5 23.
Bxf5 exf5 24. Nd6 Be6 25. Nxb7 Rb8 26. Nd6 Rb6 27. d5 Rxd6 28. dxe6 Rxe6+ 29. Kd2 Nc5 30. Kc2 Re2+ 31. Kb1 Nd3 32. Rc2 Re1+ 0-1

[White "TOURETTE, Maxence"]
[Black "BENYETTOU, Louis"]
[WhiteElo "1709"]
[BlackElo "1841"]
[Result "1/2-1/2"]
[Date "2026.03.06"]

[Event "Chpt Reg Jeunes Occitanie 2026 - Espalion"]
[Site "Espalion, France"]
[Round "6.16"]
[ECO "?"]
[Annotator "?"]
[TimeControl "1h30 + 30sec/cp"]

1. d4 d5 2.
f4 Nf6 3.
e3 c5 4. c3 Bf5 5. Bd3 Bxd3 6.
Qxd3 c4 7.
Qc2 Nc6 8.
Nf3 e6 9.
Nbd2 Be7 10. Ne5 Nxe5 11. dxe5 Ng4 12. Nf3 f6 13. h3 Nh6 14. g4 fxe5 15.
Nxe5 O-O 16. Bd2 Bd6 17. Nf3 e5 18. O-O-O exf4 19. e4 Bc5 20. g5 Nf7 1/2-1/2

[White "AMRANE, Samy-Islam"]
[Black "LABARBE, Gabriel"]
[WhiteElo "1809"]
[BlackElo "1731"]
[Result "1/2-1/2"]
[Date "2026.03.06"]

[Event "Chpt Reg Jeunes Occitanie 2026 - Espalion"]
[Site "Espalion, France"]
[Round "6.17"]
[ECO "?"]
[Annotator "?"]
[TimeControl "1h30 + 30sec/cp"]

1. e4 e5 2.
Nf3 Nf6 3.
Nc3 Nc6 4.
d3 d6 5.
Be2 Be7 6.
O-O h6 7.
Be3 O-O 8.
h3 Be6 9.
Re1 Qd7 10.
Bf1 Rad8 11. Qe2 Kh7 12. Nh2 Rh8 13. f4 exf4 14. Bxf4 g6 15. Rad1 Nh5 16. Be3 Bf6 17. d4 d5 18. e5 Be7 19. Qf3 Ng7 20. Ng4 Nf5 21. Bf2 h5 22. Nf6+ Bxf6 23.
exf6 Qd6 24. Nb5 Qd7 25. Nc3 a6 26. a3 Kg8 27. Qf4 Na7 28. Bd3 Nc8 29. Bxf5 Bxf5 30. Rd2 Be6 31. Rde2 Nd6 32. Qg5 Nf5 33. b3 b5 1/2-1/2

[White "BAROUKH, Pau"]
[Black "BONDAR, Marko"]
[WhiteElo "1712"]
[BlackElo "1609"]
[Result "1/2-1/2"]
[Date "2026.03.06"]

[Event "Chpt Reg Jeunes Occitanie 2026 - Espalion"]
[Site "Espalion, France"]
[Round "6.18"]
[ECO "?"]
[Annotator "?"]
[TimeControl "1h30 + 30sec/cp"]

1. e4 e5 2.
Nf3 Nc6 3.
Bb5 a6 4.
Ba4 b5 5.
Bb3 Nf6 6.
O-O Bc5 7.
Re1 O-O 8.
c3 Re8 9.
d4 exd4 10.
cxd4 Bb4 11. Nc3 Bxc3 12. bxc3 Nxe4 13. Bxf7+ Kxf7 14. Rxe4 Rxe4 15. Ng5+ Kg8 16. Nxe4 d6 17. Ng5 Bb7 18. Qg4 Qe7 19. Bd2 Re8 20. h3 Qf6 21.
Nxh7 Qe6 22. Qxe6+ Rxe6 23. d5 Re2 24. dxc6 Bxc6 25. Bg5 Kxh7 26. Bd8 Rc2 27. Bxc7 Rxc3 28. Bxd6 a5 29. a3 Rd3 30. Bc7 a4 31. Ba5 Kh6 32. Bb4 Rd5 33.
Re1 Kh5 34. g4+ Kh4 35. Kh2 Rd3 36. Be7+ g5 1/2-1/2

[White "LEMOINE, Luka"]
[Black "JOYEUX, Gaspard"]
[WhiteElo "1691"]
[BlackElo "1559"]
[Result "1-0"]
[Date "2026.03.06"]

[Event "Chpt Reg Jeunes Occitanie 2026 - Espalion"]
[Site "Espalion, France"]
[Round "6.19"]
[ECO "?"]
[Annotator "?"]
[TimeControl "1h30 + 30sec/cp"]

1. e4 e5 2.
Nf3 Nc6 3.
Bc4 Bc5 4.
c3 Nf6 5.
d3 d5 6.
exd5 Nxd5 7. Qb3 Be6 8. Qxb7 Nde7 9. Bxe6 fxe6 10. Qb5 Bd6 11. Bg5 O-O 12. Qb3 Qd7 13. O-O h6 14. Bxe7 Bxe7 15. Qc2 Rad8 16. Qb3 Rb8 17. Qc2 Rbd8 18. Ne1 a5 19. Nd2 Nb8 20. Ne4 Na6 21. Rd1 Nc5 22.
Nxc5 Bxc5 23. Nf3 Rf5 24. d4 exd4 25. cxd4 Rd5 26. Qe2 g5 27. Ne5 Qg7 28. Nc6 R8d6 29. dxc5 Rxd1 30. Rxd1 Rxd1+ 31. Qxd1 Qxb2 32. Qd8+ Kh7 33.
Qxc7+ Kg6 34. Ne5+ Kh5 1-0

[White "DEMANT, Thylan"]
[Black "BAILLA, Yasmine"]
[WhiteElo "1586"]
[BlackElo "1618"]
[Result "0-1"]
[Date "2026.03.06"]

[Event "Chpt Reg Jeunes Occitanie 2026 - Espalion"]
[Site "Espalion, France"]
[Round "6.20"]
[ECO "?"]
[Annotator "?"]
[TimeControl "1h30 + 30sec/cp"]

1. d4 Nf6 2. c4 e6 3.
Nc3 Bb4 4. a3 Bxc3+ 5.
bxc3 Ne4 6. Qc2 f5 7. Nf3 b6 8. g3 Bb7 9. Bg2 c6 10. O-O O-O 11. h4 Ba6 12. Qb3 d5 13. Ne5 Qc7 14. Re1 Nd7 15. Bf4 Nxe5 16. Bxe5 Bxc4 17. Qxc4 Qxe5 18. Qxc6 Qf6 19. Rac1 Rac8 20. Qd7 Nxc3 21. Rc2 Rfd8 22. Qxa7 Qxd4
23. Qe7 Re8 24. Qd7 Qc5 25. Qa7 Ra8 26. Qb7 Qxa3 27. Qc6 Rac8 28. Rxc3 Qxc3
29. Qxc3 Rxc3 30. Rb1 Rb8 31. Bf1 b5 32. e3 b4 33. Be2 b3 34. Kg2 b2 35. Kf3
Rc1 36. Bd3 Rxb1 37. Bxb1 Rc8 38. Ke2 Rc1 39. Ba2 Ra1 40. Kd2 Rxa2 41. Kc2
b1=Q+ 42. Kxb1 Rxf2 0-1

[White "BENYETTOU, Louis"]
[Black "AMRANE, Samy-Islam"]
[WhiteElo "1841"]
[BlackElo "1809"]
[Result "1-0"]
[Date "2026.03.07"]

[Event "Chpt Reg Jeunes Occitanie 2026 - Espalion"]
[Site "Espalion, France"]
[Round "7.16"]
[ECO "?"]
[Annotator "?"]
[TimeControl "1h30 + 30sec/cp"]

1. e4 c5 2.
c3 Nf6 3.
e5 Nd5 4.
Nf3 d6 5.
d4 cxd4 6.
cxd4 e6 7.
Bc4 Nb6 8.
Bb3 Nc6 9.
Qe2 dxe5 10. dxe5 Nd4 11. Nxd4 Qxd4 12. O-O Be7 13. Rd1 Qc5 14. Nc3 O-O 15. Bc2 Rd8 16. Rxd8+ Bxd8 17. Qd3 Bc7 18. Qxh7+ Kf8 19. Qh8+ Ke7 20. Bg5+ Kd7 21. Rd1+ Kc6 22. Be4+ Nd5 23. Qe8+ Bd7 24.
Qxa8 Bxe5 25. Nxd5 exd5 26. Rc1 Kb6 27. Rxc5 Kxc5 28. Be3+ Kb5 29. Bd3+ Ka4 30. Qxa7+ Kb4 31. Bc5# 1-0

[White "LABARBE, Gabriel"]
[Black "LEMOINE, Luka"]
[WhiteElo "1731"]
[BlackElo "1691"]
[Result "1-0"]
[Date "2026.03.07"]

[Event "Chpt Reg Jeunes Occitanie 2026 - Espalion"]
[Site "Espalion, France"]
[Round "7.17"]
[ECO "?"]
[Annotator "?"]
[TimeControl "1h30 + 30sec/cp"]

1. e4 e5 2.
d4 exd4 3.
Nf3 Bb4+ 4.
c3 dxc3 5.
bxc3 Bc5 6.
Bc4 Ne7 7.
Ng5 d5 8.
exd5 Qd6 9.
O-O h6 10.
Ne4 Qb6 11. Nxc5 Qxc5 12. Qe2 O-O 13. Ba3 Qb6 14. Qxe7 Nd7 15. Re1 Qg6 16. Qh4 a6 17. Bxf8 Nxf8 18. Qg3 Qb6 19. Nd2 Bf5 20.
Ne4 Rd8 21. d6 Bxe4 22. dxc7 Rc8 23. Rxe4 Rxc7 24. Bb3 Qc6 25. Rf4 Re7 26. h3 Ng6 27. Rc4 Qe8 28. Kh2 Ne5 29. Re4 1-0

[White "BAILLA, Yasmine"]
[Black "TOURETTE, Maxence"]
[WhiteElo "1618"]
[BlackElo "1709"]
[Result "1/2-1/2"]
[Date "2026.03.07"]